 Dungeon Crawl Stone Soup version 0.17.0-23-g0de4337 (webtiles) character file.

10350 JudasIscariot the Blocker (level 11, -13/76 HPs)
             Began as a Demonspawn Fighter on Nov 14, 2015.
             Was a High Priest of Trog.
             Engulfed by an ice statue's freezing vapour (22 damage)
             ... on level 11 of the Dungeon.
             The game lasted 00:45:19 (11257 turns).

JudasIscariot the Blocker (Demonspawn Fighter)     Turns: 11257, Time: 00:45:19

Health: -13/76     AC: 17    Str: 20    XL:     11   Next: 35%
Magic:  0/9        EV:  9    Int:  9    God:    Trog [*****.]
Gold:   564        SH: 14    Dex: 18    Spells: 0 memorised, 10 levels left

rFire  . . .     SeeInvis .     g - +3 morningstar
rCold  . . .     Clarity  +     E - +1 chain mail {rPois}
rNeg   . . .     SustAt   +     c - +0 shield
rPois  +         Gourm    .     (helmet restricted)
rElec  .         Spirit   +     k - +0 cloak
rCorr  .         Warding  .     C - +0 pair of gloves
rMut   .         Stasis   .     (boots unavailable)
MR     .....                    (no amulet)
Stlth  ..........               A - ring of sustain attributes
                                j - +3 ring of dexterity

@: not resistant to hostile enchantments, extremely unstealthy
A: antennae 1, talons 3, large bone plates 1, agile 1, clarity, frail 1, low mp
1, powered by pain 2, shaggy fur 1, slow regeneration 1, wild magic 1, magic
shield, magic regeneration
a: Berserk, Trog's Hand, Brothers in Arms, Burn Spellbooks, Renounce Religion


You were on level 11 of the Dungeon.
You worshipped Trog.
Trog was extremely pleased with you.
You were not hungry.

You visited 1 branch of the dungeon, and saw 11 of its levels.
You also visited: Ossuary.

You collected 564 gold pieces.

Inventory:

Hand Weapons
 a - a +0 flail
 g - a +3 morningstar (weapon)
 F - a +1 whip of distortion
 R - a +0 morningstar
Armour
 b - a +0 scale mail
 c - a +0 shield (worn)
 k - a +0 cloak (worn)
 q - a +0 chain mail
 r - a +0 helmet
 C - a +0 pair of gloves (worn)
 E - a +1 chain mail of poison resistance (worn)
 T - a +0 plate armour
Jewellery
 j - a +3 ring of dexterity (left hand)
 A - a ring of sustain attributes (right hand)
 D - an uncursed ring of positive energy
 P - an uncursed ring of protection from cold {unknown}
 W - an uncursed ring of stealth {unknown}
Wands
 m - a wand of flame (15)
 x - a wand of draining (5)
 V - a wand of digging (20)
 X - a wand of frost (7)
Scrolls
 f - 3 scrolls of remove curse
 h - a scroll of recharging
 i - a scroll of enchant weapon
 l - 2 scrolls of enchant armour {unknown}
 n - a scroll of fear {unknown}
 p - a scroll of amnesia {unknown}
 t - 4 scrolls of teleportation
 y - 4 scrolls of identify
 z - 2 scrolls of fog {unknown}
 B - a scroll of magic mapping {unknown}
 K - a scroll of holy word {unknown}
 L - a scroll of silence {unknown}
 O - a scroll of noise {unknown}
 S - 2 scrolls of acquirement {unknown}
 Y - a scroll of vulnerability {unknown}
Potions
 d - a potion of might
 o - 2 potions of cancellation
 w - 3 potions of flight
 G - a potion of haste
 H - 2 potions of agility
 I - a potion of brilliance
 J - a potion of curing
Miscellaneous
 U - a lamp of fire
Comestibles
 e - 5 bread rations
 s - 2 royal jellies
 u - 5 meat rations
 v - 12 slices of pizza
 M - 4 beef jerkies
 N - 30 chunks of flesh
 Q - 8 fruits


   Skills:
 * Level 7.7 Fighting
 * Level 7.5 Maces & Flails
 * Level 7.9 Armour
 + Level 3.7 Dodging
 + Level 1.9 Stealth
 * Level 10.5 Shields


You had 10 spell levels left.
You didn't know any spells.

Dungeon Overview and Level Annotations

Branches:
Dungeon (11/15)            Temple (0/1) D:7            Lair (0/8) D:11
    Orc (0/4) D:11

Altars:
Dithmenos
Gozag
Makhleb
Nemelex Xobeh
Qazlal
Ru
Sif Muna
Trog
Vehumet
Yredelemnul
The Shining One

Portals:
Trove: D:11 (give +4 demon blade)
Ice
Cave: D:11

Annotations:
D:10 exclusion: 2 statues, CrazyArbalest's ghost, novice MiHu
D:11 exclusion: ice statue
Abyss:1 Nergalle


Innate Abilities, Weirdness & Mutations

You have claws for feet.
You are partially covered in large bone plates (AC +2, SH +2).
You sometimes gain power by taking damage.
When hurt, damage is shared between your health and your magic reserves.
You regenerate magic rapidly.
You have a pair of small antennae on your head.
You are agile. (Dex +2)
You possess an exceptional clarity of mind.
You are frail (-10% HP).
Your magical capacity is low (-10% MP).
You are covered in fur (AC +1).
You regenerate slowly when monsters are visible.
Your spells are a little harder to cast, but a little more powerful.


Message History

The ice statue throws cold at you. The bolt of cold hits you!
There is an open door here.
The ice statue throws cold at you. The freezing blast engulfs you!
Unknown command.
You are engulfed in freezing vapours.
You puncture the ice statue!
You claw the ice statue, but do no damage.
The ice statue is lightly damaged.
You are engulfed in freezing vapours.
* * * LOW HITPOINT WARNING * * *
The ice statue throws cold at you. The freezing blast engulfs you!
* * * LOW HITPOINT WARNING * * *
Drink which item? (? for menu, Esc to quit)
You can't drink that!
Drink which item? (? for menu, Esc to quit)
You feel better.
You are engulfed in freezing vapours.
You die...

....# ##########..# ...(#####
#..# .##.....# #..# .###....#
########..# ###.....#
#.....##..# .#...#.# #..∩..###.#
#.#..#.# #.§§§§# #÷# ###..#.#
#§§8§§# #.# #..#.# #§§@§§###.###
###..#.#######.§.§§##....#######
#...........####§####^.........#
#.#..#.###.###...........#####.#
#.#..#.....# #.[..#####..# #.#
#.#..#####.###.#.## #..# #.##
#.#..............# #..# #...
#.################ #..# ####
........## #..#


You could see an ice statue.

Vanquished Creatures
  The ghost of HungrySpirit the Cleaver, a novice HuCK of Xom (D:6)
  Psyche (D:8)
  2 trolls (D:9)
  A wraith (Ossuary)
  16 yaks
  Eustachio (D:6)
  A steam dragon (D:9)
  Menkaure (D:4)
  2 wargs (D:11)
  The ghost of Ampheric the Digger, an amateur GrEE (D:3)
  3 orc warriors
  2 phantoms
  A necrophage (D:6)
  4 sky beasts
  A wasp (D:10)
  A centaur (D:10)
  6 ogres
  2 ice beasts
  2 big kobolds
  A crocodile (D:11)
  2 wyvern zombies
  5 giant frogs
  7 killer bees
  5 wights (D:7)
  2 crimson imps (D:5)
  A centaur zombie (D:7)
  A hound (D:10)
  2 giant frog skeletons
  2 iguanas
  A jelly (D:10)
  8 orc priests
  3 centaur skeletons
  9 worker ants
  9 orc wizards
  3 sheep (D:7)
  2 mummies
  12 adders
  A river rat (D:11)
  3 gnolls (D:3)
  4 shadow imps
  2 oozes
  An adder skeleton (D:9)
  A worm (D:2)
  8 giant geckos
  35 orcs
  2 ball pythons (D:3)
  5 bats
  7 giant cockroaches
  5 goblins
  7 hobgoblins
  5 jackals
  16 kobolds
  4 quokkas
  5 giant newts
  6 gnoll skeletons (Ossuary)
  9 kobold skeletons (Ossuary)
  10 orc skeletons (Ossuary)
  A quokka skeleton (D:4)
  17 rats
278 creatures vanquished.

Vanquished Creatures (others)
  The ghost of radek the Covert, a novice SpAs of Nemelex Xobeh (D:9)
  A wizard (D:6)
  A troll (D:9)
  2 yaks (D:10)
  A warg (D:11)
  2 orc warriors
  2 centaurs
  An ogre (D:7)
  A giant frog (D:7)
  A scorpion (D:11)
  A killer bee (D:9)
  A wight (D:7)
  2 crimson imps
  2 orc priests
  An iguana (D:8)
  An orc (D:9)
  A kobold (D:10)
  A quokka (D:6)
  A giant gecko zombie (D:7)
  3 fungi (D:11)
  A plant (D:11)
28 creatures vanquished.

Grand Total: 306 creatures vanquished

Notes
Turn   | Place    | Note
--------------------------------------------------------------
     0 | D:1      | JudasIscariot the Demonspawn Fighter began the quest for the Orb.
     0 | D:1      | Reached XP level 1. HP: 18/18 MP: 1/1
   309 | D:1      | Gained mutation: When hurt, damage is shared between your health and your magic reserves. [demonic ancestry]
   309 | D:1      | Reached XP level 2. HP: 20/24 MP: 2/2
   798 | D:2      | Gained mutation: You sometimes gain a little power by taking damage. [demonic ancestry]
   798 | D:2      | Reached XP level 3. HP: 19/29 MP: 3/3
  1240 | D:2      | Found a bloodstained altar of Trog.
  1364 | D:2      | Gained mutation: You have sharp toenails. [demonic ancestry]
  1364 | D:2      | Reached XP level 4. HP: 36/36 MP: 4/4
  1667 | D:2      | Became a worshipper of Trog the Wrathful
  1809 | D:3      | Noticed Ampheric's ghost (amateur GrEE)
  1827 | D:3      | Killed Ampheric's ghost
  1827 | D:3      | Reached skill level 1 in Dodging
  1827 | D:3      | Reached skill level 4 in Shields
  1827 | D:3      | Gained mutation: You have razor-sharp toenails. [demonic ancestry]
  1827 | D:3      | Reached XP level 5. HP: 6/42 MP: 2/5
  2253 | D:3      | Reached * piety under Trog
  2320 | D:3      | Found a sparkling altar of Nemelex Xobeh.
  2596 | D:4      | Reached XP level 6. HP: 32/48 MP: 4/6
  2968 | D:4      | Noticed Menkaure
  2976 | D:4      | Killed Menkaure
  3026 | D:4      | Noticed an ogre
  3029 | D:4      | Killed an ogre
  3029 | D:4      | Gained mutation: You are partially covered in large bone plates (AC +2, SH +2). [demonic ancestry]
  3029 | D:4      | Reached XP level 7. HP: 34/55 MP: 4/7
  3064 | D:4      | Found a radiant altar of Vehumet.
  3064 | D:4      | Found a basalt altar of Yredelemnul.
  3159 | D:4      | Gained mutation: You have claws for feet. [mutagenic meat]
  3356 | D:4      | Found a sacrificial altar of Ru.
  3447 | D:5      | Entered Level 5 of the Dungeon
  3492 | D:5      | Reached skill level 5 in Shields
  4395 | D:5      | Reached skill level 5 in Fighting
  4395 | D:5      | Mutation became permanent: You have claws for feet. [demonic ancestry]
  4395 | D:5      | Reached XP level 8. HP: 53/62 MP: 6/8
  4895 | D:6      | Noticed Eustachio
  4909 | D:6      | Reached skill level 1 in Stealth
  4919 | D:6      | Reached skill level 5 in Armour
  4921 | D:6      | Reached ** piety under Trog
  4936 | D:6      | Killed Eustachio
  4936 | D:6      | Reached skill level 6 in Shields
  4944 | D:6      | Gained mutation: You are robust (+10% HP). [mutagenic meat]
  4949 | D:6      | Lost mutation: You are robust (+10% HP). [mutagenic meat]
  4950 | D:6      | Gained mutation: Your spells are a little harder to cast, but a little more powerful. [mutagenic meat]
  5162 | D:6      | Found a sand-covered staircase.
  5176 | Ossuary  | Entered an ossuary
  5653 | D:6      | Found a bloodstained altar of Trog.
  5661 | D:6      | Noticed a wizard
  5666 | D:6      | Killed a wizard
  5763 | D:6      | Noticed HungrySpirit's ghost (novice HuCK)
  5780 | D:6      | Killed HungrySpirit's ghost
  5780 | D:6      | Reached skill level 5 in Maces & Flails
  5780 | D:6      | Gained mutation: You sometimes gain power by taking damage. [demonic ancestry]
  5780 | D:6      | Reached XP level 9. HP: 38/69 MP: 9/9
  5895 | D:6      | Reached skill level 7 in Shields
  6276 | D:7      | Gained mutation: You regenerate slowly when monsters are visible. [mutagenic meat]
  6277 | D:7      | Gained mutation: Your flesh is heat resistant. [mutagenic meat]
  6278 | D:7      | Gained mutation: You are covered in fur (AC +1). [mutagenic meat]
  6279 | D:7      | Gained mutation: You can spit weak poison. [mutagenic meat]
  6280 | D:7      | Gained mutation: You are agile. (Dex +2) [mutagenic meat]
  6281 | D:7      | Gained mutation: Your magical capacity is low (-10% MP). [mutagenic meat]
  6611 | D:7      | Found a basalt altar of Yredelemnul.
  6978 | D:7      | Found a staircase to the Ecumenical Temple.
  7241 | D:8      | Noticed Psyche
  7246 | D:8      | Killed Psyche
  7246 | D:8      | Reached skill level 8 in Shields
  7247 | D:8      | Reached *** piety under Trog
  7436 | D:8      | Reached XP level 10. HP: 71/76 MP: 7/9
  7952 | D:9      | Noticed radek's ghost (novice SpAs)
  8165 | D:9      | Banished radek's ghost
  8356 | D:9      | Reached skill level 9 in Shields
  8385 | D:9      | Found a deep blue altar of Sif Muna.
  8385 | D:9      | Found a shadowy altar of Dithmenos.
  8387 | D:9      | Found a burning altar of Makhleb.
  8387 | D:9      | Found a glowing golden altar of the Shining One.
  8389 | D:9      | Found an opulent altar of Gozag.
  8389 | D:9      | Found a sparkling altar of Nemelex Xobeh.
  8390 | D:9      | Found a stormy altar of Qazlal.
  8804 | D:9      | Reached **** piety under Trog
  8940 | D:10     | Entered Level 10 of the Dungeon
  9467 | D:10     | Noticed CrazyArbalest's ghost (novice MiHu)
  9702 | D:10     | Noticed Nergalle
  9742 | D:10     | Noticed a spectral orc warlord
  9831 | D:10     | Noticed an archer statue
 10044 | D:10     | Reached skill level 10 in Shields
 10173 | D:10     | Banished Nergalle
 10243 | D:10     | Noticed an archer statue
 10476 | D:10     | Gained mutation: You regenerate magic rapidly. [demonic ancestry]
 10476 | D:10     | Reached XP level 11. HP: 67/83 MP: 8/9
 10502 | D:11     | Found a staircase to the Orcish Mines.
 10576 | D:11     | Gained mutation: You are frail (-10% HP). [potion of mutation]
 10576 | D:11     | Lost mutation: You can spit weak poison. [potion of mutation]
 10576 | D:11     | Gained mutation: You possess an exceptional clarity of mind. [potion of mutation]
 10577 | D:11     | Gained mutation: You have a pair of small antennae on your head. [potion of mutation]
 10577 | D:11     | Lost mutation: Your flesh is heat resistant. [potion of mutation]
 10745 | D:11     | Found a portal to a secret trove of treasure.
 10934 | D:11     | Found a staircase to the Lair.
 11141 | D:11     | Reached ***** piety under Trog
 11252 | D:11     | Found a frozen archway.
 11256 | D:11     | HP: 3/75 [ice statue/freezing blast (6)]
 11257 | D:11     | Engulfed by an ice statue's freezing vapour

Action                   |  1- 3 |  4- 6 |  7- 9 | 10-12 || total
-------------------------+-------+-------+-------+-------++-------
Melee: Flail             |   170 |   118 |   185 |       ||   473
       Whip              |       |       |   431 |   629 ||  1060
       Morningstar       |       |       |       |    98 ||    98
Invok: Berserk           |       |     1 |       |     1 ||     2
       Burn Spellbooks   |       |       |     1 |     3 ||     4
       Trog's Hand       |       |       |       |     2 ||     2
  Use: Potion            |       |     1 |     3 |     3 ||     7
       Scroll            |       |       |    13 |     2 ||    15
 Stab: Distracted        |       |       |     1 |       ||     1
  Eat: Chunk             |     2 |     5 |    17 |     6 ||    30
       Bread ration      |       |       |     1 |     2 ||     3
       Meat ration       |       |       |     1 |       ||     1
